 Dungeon Crawl Stone Soup version 0.30-a0-760-g5a9884bb7c (webtiles) character file.

Game seed: 10269453923494800721

199 Dirtsage the Slasher (level 5, -7/38 HPs)
             Began as a Merfolk Gladiator on Feb 11, 2023.
             Mangled by Crazy Yiuf
             ... wielding a +2 quarterstaff of chaos
              (13 damage)
             ... on level 3 of the Dungeon.
             The game lasted 00:05:40 (2589 turns).

Dirtsage the Slasher (Merfolk Gladiator)            Turns: 2589, Time: 00:05:40

Health: -7/38      AC:  6    Str: 14    XL:     5   Next: 77%
Magic:  5/5        EV: 17    Int:  8    God:
Gold:   150        SH:  4    Dex: 17    Spells: 4/4 levels left

rFire   . . .      SeeInvis .    a - +0 long sword
rCold   . . .      Faith    .    p - +0 buckler
rNeg    . . .      Spirit   .    h - +0 ring mail
rPois   .          Reflect  .    c - +0 helmet
rElec   .          Harm     .    (no cloak)
rCorr   .          Rampage  .    (no gloves)
Will    .....                    (no boots)
Stlth   +                        (no amulet)
HPRegen 0.26/turn                (no ring)
MPRegen 0.09/turn                (no ring)

@: mighty, agile
A: (nimble swimmer 2), mertail
a: no special abilities


You were on level 3 of the Dungeon.
You visited 1 branch of the dungeon, and saw 3 of its levels.

You collected 150 gold pieces.

Inventory:

Hand Weapons
 a - a +0 long sword (weapon)
Missiles
 d - 3 throwing nets (quivered)
 e - a javelin
 f - 4 curare-tipped darts
Armour
 b - a +0 leather armour
 c - a +0 helmet (worn)
 h - a +0 ring mail (worn)
 p - a +0 buckler (worn)
Jewellery
 i - a ring of magical power
Scrolls
 g - a scroll of amnesia {unknown}
 j - 2 scrolls of teleportation {unknown}
 k - 3 scrolls of vulnerability {unknown}
 l - a scroll of enchant armour {unknown}
 n - 5 scrolls of identify {unknown}
 o - a scroll of immolation {unknown}
 r - 2 scrolls of blinking {unknown}
 s - a scroll of butterflies {unknown}
Potions
 m - a potion of attraction
 q - a potion of curing
 t - a potion of flight {unknown}


   Skills:
 - Level 2.1 Fighting
 + Level 7.5 Long Blades
 - Level 2.0 Throwing
 - Level 4.0 Dodging


You had 4 spell levels left.
You didn't know any spells.
Your spell library contained the following spells:

 Spells                   Type           Power      Damage    Failure   Level
 Passage of Golubria      Tloc           0%         N/A       100%        4
 Silence                  Hex/Air        0%         N/A       100%        5
 Lehudib's Crystal Spear  Conj/Erth      0%         10d2      100%        8


Dungeon Overview and Level Annotations

Branches:
Dungeon (3/15)

Altars:

Shops:
D:1 *

Annotations:
D:3 Crazy Yiuf


Innate Abilities, Weirdness & Mutations

((You are very nimble when in or above water. (Stealth+, EV+, Speed+++)))
Your lower body shifts to a powerful aquatic tail in water.


Message History

You kill the endoplasm!
No target in view!
You open the door.
There is an open door here.
Found a stone staircase leading up.
Health restored: 38
There is an open door here.
Crazy Yiuf shouts!
There is an open door here.
There is an open door here.
There is a stone staircase leading up here.
There is a stone staircase leading up here.
You see here a +0 robe.
There is an open door here.
There is an open door here.
Crazy Yiuf shouts!
Crazy Yiuf says, "Pitchfork hand forty-two!"
You open the door. You completely miss Crazy Yiuf.
Crazy Yiuf hits you with a +2 quarterstaff of chaos! x2
You feel agile all of a sudden.
You take 19 damage, and have 19/38 hp.
MASSIVE DAMAGE!!
You hit Crazy Yiuf.
Crazy Yiuf is lightly wounded.
Crazy Yiuf hits you with a +2 quarterstaff of chaos.
You feel more agile all of a sudden.
You take 3 damage, and have 16/38 hp.
You hit Crazy Yiuf.
Crazy Yiuf is moderately wounded.
You block Crazy Yiuf's attack.
You closely miss Crazy Yiuf.
Crazy Yiuf is moderately wounded.
Crazy Yiuf hits you with a +2 quarterstaff of chaos!
* * * LOW HITPOINT WARNING * * *
You feel very mighty all of a sudden.
You take 11 damage, and have 6/38 hp.
MASSIVE DAMAGE!!
You slash Crazy Yiuf!
Crazy Yiuf is almost dead.
Crazy Yiuf hits you with a +2 quarterstaff of chaos!
You die...

#(###########.....#
#...##....#.
#........[......).#
#...##....#.
#.................#
#...##....#.
#.###.#############
######....#. #.#
#.# #....## #.#
#.###
♣♣♣♣♣####.#### #.#
#<..# ###
♣♣♣.♣....##.# #.#
#.###
#...#♣..♣.P....#.#
#.# #.###
#...g@♣♣♣♣.P.....#
#.# #...# #)..#♣♣
♣♣....### #.# #.###
### ♣♣#### #.# #.#
#.# #.# #.# #.# ###
#.# #.# #.#


You could see Crazy Yiuf.

Vanquished Creatures
  An orc priest (D:3)
  Ijyb (D:3)
  Terence (D:3)
  5 adders
  A worm (D:2)
  2 dart slugs
  4 orcs (D:3)
  2 bats (D:1)
  4 endoplasms
  5 giant cockroaches (D:1)
  4 goblins
  10 hobgoblins
  3 jackals
  5 quokkas
  4 ball pythons
  4 frilled lizards
  4 kobolds
  A rat (D:1)
61 creatures vanquished.

Vanquished Creatures (others)
  3 fungi (D:3)
3 creatures vanquished.

Grand Total: 64 creatures vanquished

Notes
Turn   | Place    | Note
-------+----------+-------------------------------------------
     0 | D:1      | Dirtsage the Merfolk Gladiator began the quest for the Orb.
     0 | D:1      | Reached XP level 1. HP: 16/16 MP: 1/1
    79 | D:1      | Reached skill level 4 in Long Blades
   133 | D:1      | Reached XP level 2. HP: 22/22 MP: 2/2
   395 | D:1      | Found Waac's Assorted Antiques.
   542 | D:1      | Reached skill level 5 in Long Blades
   542 | D:1      | Reached XP level 3. HP: 27/27 MP: 3/3
  1118 | D:2      | Reached XP level 4. HP: 33/33 MP: 4/4
  1235 | D:2      | Reached skill level 6 in Long Blades
  1826 | D:3      | Noticed Ijyb
  1843 | D:3      | Paralysed by Ijyb for 5 turns
  1851 | D:3      | Paralysed by Ijyb for 3 turns
  1862 | D:3      | Paralysed by Ijyb for 3 turns
  1871 | D:3      | Killed Ijyb
  1872 | D:3      | Reached XP level 5. HP: 16/38 MP: 5/5
  2186 | D:3      | Reached skill level 7 in Long Blades
  2274 | D:3      | Noticed Terence
  2279 | D:3      | Killed Terence
  2454 | D:3      | Found a runed translucent door.
  2455 | D:3      | Noticed Crazy Yiuf
  2589 | D:3      | Mangled by Crazy Yiuf

Illustrated notes

Levels and vault maps discovered:
D:1:      onia_arrival_pyramid, layout_loops_corners, serial_shops,
          nicolae_shop_overgrown_old_shop
D:2:      minmay_inner_zag, layout_basic
D:3:      layout_basic, uniq_terence, uniq_ijyb, uniq_crazy_yiuf_cottage

Skill      XL: |  1  2  3  4  5 |
---------------+----------------+-----
Long Blades    | 4 5 6 7 |  7.5
Fighting       | |  2.1
Throwing       | |  2.0
Dodging        | |  4.0

Action                     |  1- 3 |  4- 6 || total
---------------------------+-------+-------++-------
  Melee: Long sword        |   122 |   100 ||   222
         Punch             |     1 |       ||     1
  Throw: Dart              |       |     1 ||     1
    Use: Potion            |       |     3 ||     3
 Armour: Leather armour    |    13 |       ||    13
         Ring mail         |    27 |    23 ||    50
  Dodge: Dodged            |    72 |    43 ||   115
  Block: Buckler           |     2 |    14 ||    16

Table legend: (Time is in decaauts)
 A = Elapsed time spent in this place.
 B = Non-inter-level travel time spent in this place.
 C = Inter-level travel time spent in this place.
 D = Time resting spent in this place.
 E = Time spent auto-exploring this place.
 F = Levels seen in this place.
 G = Mean time per level.
                   A        B        C        D        E       F      G
               +--------+--------+--------+--------+--------+-----+--------+
         Total |   2620 |   2563 |     57 |      0 |   2079 |   3 |  873.3 |
       Dungeon |   2620 |   2563 |     57 |      0 |   2079 |   3 |  873.3 |
               +--------+--------+--------+--------+--------+-----+--------+

Top non-repeatable levels by time:
     D:1: 999 daAuts
     D:3: 889 daAuts
     D:2: 731 daAuts
